 Dungeon Crawl Stone Soup version 0.20.0-8-g6b59dc7 (webtiles) character file.

17358 Gravenous the Zephyrmancer (level 12, -1/75 HPs)
             Began as a Kobold Air Elementalist on June 1, 2017.
             Was a Priest of Ashenzari.
             Slain by a porcupine (7 damage)
             ... on level 2 of the Lair of Beasts.
             The game lasted 00:32:37 (16407 turns).

Gravenous the Zephyrmancer (KoAE)                  Turns: 16407, Time: 00:32:38

Health: -1/75      AC: 11    Str:  6    XL:     12   Next: 81%
Magic:  22/22      EV: 22    Int: 20    God:    Ashenzari [***...]
Gold:   621        SH:  0    Dex: 16    Spells: 12/25 levels left

rFire    + . .     SeeInvis +   y - +2 rapier (drain)
rCold    . . .     Gourm    .   (shield restricted)
rNeg     . . .     Faith    .   a - +0 robe
rPois    .         Spirit   .   l - +1 helmet
rElec    .         Reflect  .   (no cloak)
rCorr    .         Harm     .   m - +0 pair of gloves
MR       .....                  J - +0 pair of boots
Stlth    ++........             (no amulet)
Regen    0.3/turn               w - ring of protection from fire (curse)
MPRegen  0.2/turn               E - +5 ring of protection (curse)

@: hasted, very quick
A: carnivore 3
a: Curse Item, Scrying, Renounce Religion


You were on level 2 of the Lair of Beasts.
You worshipped Ashenzari.
Ashenzari was most pleased with you.
You were not hungry.

You visited 2 branches of the dungeon, and saw 13 of its levels.

You collected 621 gold pieces.

Inventory:

Hand Weapons
 f - a +1 dagger of venom
 t - a +0 scimitar of flaming
 y - a +2 rapier of draining (weapon)
Armour
 a - a +0 robe (worn)
 l - a +1 helmet (worn)
 m - a +0 pair of gloves (worn)
 F - a cursed +0 shield
 H - +0 acid dragon scales
 J - a +0 pair of boots (worn)
Jewellery
 w - a cursed ring of protection from fire (left hand)
 E - a cursed +5 ring of protection (right hand)
 I - an uncursed ring of protection from cold
Wands
 j - a wand of paralysis (9/24)
 A - a wand of disintegration (7/24)
 C - a wand of lightning (1/15)
 D - a wand of flame (29/48)
 G - a wand of acid (6/15)
 L - a wand of scattershot (4/9)
Scrolls
 d - 5 scrolls of remove curse
 g - 2 scrolls of amnesia
 k - a scroll of enchant weapon
 p - 2 scrolls of magic mapping
 s - 3 scrolls of immolation
 u - 7 scrolls of teleportation
 B - 4 scrolls of enchant armour
 N - a scroll of holy word
Potions
 e - a potion of mutation {unknown}
 i - 6 potions of curing
 n - a potion of resistance
 o - a potion of agility
 q - 3 potions of cancellation
 r - 2 potions of heal wounds
 v - 3 potions of might
 x - a potion of flight
 z - 3 potions of haste
Books
 b - a book of Air

   Spells                             Type                      Level
   a - Shock                          Conjuration/Air              1
   b - Swiftness                      Charms/Air                   2
   c - Static Discharge               Conjuration/Air              3
   d - Airstrike                      Air                          4
   e - Lightning Bolt                 Conjuration/Air              5
 K - a book of Cantrips

   Spells                             Type                      Level
   a - Confusing Touch                Hexes                        1
   b - Animate Skeleton               Necromancy                   1
   c - Summon Small Mammal            Summoning                    1
   d - Apportation                    Translocation                1
Miscellaneous
 M - a sack of spiders
Comestibles
 c - 7 meat rations
 h - 5 royal jellies


   Skills:
 + Level 8.9 Fighting
 + Level 9.6 Dodging
 - Level 2.6 Stealth
 - Level 7.0 Spellcasting
 - Level 9.9(11.7) Conjurations
 * Level 12.1(13.7) Air Magic


You had 12 spell levels left.
You knew the following spells:

 Your Spells              Type           Power        Failure   Level  Hunger
a - Shock                 Conj/Air       ####         1%          1    None
b - Static Discharge      Conj/Air       ######..     1%          3    #......
c - Airstrike             Air            ######....   1%          4    ###....
d - Lightning Bolt        Conj/Air       ######....   1%          5    #####..


Dungeon Overview and Level Annotations

Branches:
Dungeon (11/15)            Temple (0/1) D:7            Lair (2/6) D:9
  Swamp: Lair:2-4    Shoals: Lair:2-4     Snake: Lair:2-4    Spider: Lair:2-4
    Orc: D:9-12

Altars:
Ashenzari
Dithmenos
Gozag
Sif Muna
Zin
The Shining One

Shops:
D:9 !

Portals:
Sewer: D:3

Annotations:
D:8 Gastronok, Joseph
D:9 exclusion: oklob plant


Innate Abilities, Weirdness & Mutations

You are small and have problems with some larger weapons.
You are carnivorous and can eat meat at any time.


Message History

The eight-headed hydra misses you. The eight-headed hydra bites you!
The seven-headed hydra misses you.
The seven-headed hydra completely misses you.
The seven-headed hydra bites you but does no damage. x2
The seven-headed hydra bites you!
* * * LOW HITPOINT WARNING * * *
The seven-headed hydra misses you.
The seven-headed hydra closely misses you.
The black mamba bites you!
* * * LOW HITPOINT WARNING * * *
There is a stone staircase leading up, spattered with blood here.
Unknown command.
Okay, then.
Char dumped successfully.
Okay, then.
Okay, then.
It was a potion of haste.
You feel yourself speed up. The black mamba closely misses you.
The porcupine completely misses you. The porcupine bites you!
You die...

, , , ,,, * ,
, ,,, ,,, , ,
, * , ,
**#######* , ,
,, #*##.....##
,, ,
#.#.......## ,
#.........#..,
*#...DFS....#
, ,
#...F@D...#* ,
, #..lrrl...#
,
*#.........#*
* ,##.......##
*##.....## , ,
####.## , ,
*..* , , ,, ..
, * *


You could see an eight-headed hydra, a seven-headed hydra, a komodo dragon, a
black mamba, a spiny frog, a basilisk, a blink frog and 2 porcupines.

Vanquished Creatures
  A hydra (Lair:1)
  Erica (D:10)
  A death knight (D:8)
  A two-headed ogre (D:8)
  A centaur warrior (D:9)
  2 unseen horrors (D:10)
  A deep elf mage (D:10)
  Pikel (D:9)
  2 orc knights
  A black mamba (Lair:1)
  Psyche (D:8)
  2 spiny frogs (Lair:1)
  2 komodo dragons (Lair:1)
  A tengu conjurer (D:10)
  A troll (D:11)
  3 polar bears (Lair:1)
  3 hippogriffs
  9 blink frogs (Lair:1)
  3 wraiths
  2 hungry ghosts (D:10)
  10 yaks
  A water moccasin (Lair:1)
  An acid dragon (D:10)
  A porcupine (Lair:1)
  A black bear (D:7)
  2 orc warriors
  2 ice beasts
  A phantom (D:5)
  2 sky beasts
  An eye of draining (D:10)
  A necrophage (D:7)
  7 ogres
  5 centaurs
  2 crocodiles (Lair:1)
  5 bullfrogs
  2 scorpions
  3 centaur zombies (D:10)
  4 crimson imps
  A quasit (D:9)
  3 bullfrog zombies
  A centaur skeleton (D:7)
  4 orc priests
  3 hounds
  3 jellies
  A bullfrog skeleton (D:8)
  2 iguanas
  12 orc wizards
  6 worker ants
  2 hound skeletons
  A worker ant zombie (D:9)
  8 adders
  3 gnolls (D:3)
  A howler monkey skeleton (D:6)
  6 shadow imps
  2 oozes
  6 worms
  2 dart slugs
  4 leopard geckos
  18 orcs
  9 giant cockroaches
  8 goblins
  3 hobgoblins
  4 jackals (D:2)
  5 quokkas
  A ball python (D:1)
  6 bats
  6 frilled lizards
  7 kobolds
  A leopard gecko skeleton (D:7)
  A leopard gecko zombie (D:5)
  A quokka skeleton (D:7)
  11 rats
242 creatures vanquished.

Vanquished Creatures (others)
  4 slaves (D:9)
  2 fungi (Lair:1)
  5 plants (Lair:1)
11 creatures vanquished.

Grand Total: 253 creatures vanquished

Notes
Turn   | Place    | Note
-------+----------+-------------------------------------------
     0 | D:1      | Gravenous the Kobold Air Elementalist began the quest for the Orb.
     0 | D:1      | Reached XP level 1. HP: 10/10 MP: 3/3
   204 | D:1      | Reached XP level 2. HP: 13/15 MP: 0/5
   367 | D:1      | Reached XP level 3. HP: 16/19 MP: 6/6
   418 | D:1      | Learned a level 3 spell: Static Discharge
   687 | D:2      | Reached skill level 4 in Air Magic
   761 | D:2      | Reached XP level 4. HP: 19/24 MP: 8/8
   842 | D:2      | Learned a level 4 spell: Airstrike
  1186 | D:2      | Found a shattered altar of Ashenzari.
  1649 | D:2      | Became a worshipper of Ashenzari the Shackled
  1902 | D:3      | Reached XP level 5. HP: 28/28 MP: 9/9
  2068 | D:3      | Found an opulent altar of Gozag.
  2163 | D:3      | Reached skill level 5 in Air Magic
  2264 | D:3      | Found a glowing drain.
  2396 | D:3      | Noticed a sky beast
  2607 | D:4      | Noticed an ogre
  2625 | D:4      | Killed an ogre
  2625 | D:4      | Reached XP level 6. HP: 27/32 MP: 1/12
  2922 | D:4      | Reached skill level 6 in Air Magic
  2975 | D:4      | Reached * piety under Ashenzari
  3615 | D:5      | Entered Level 5 of the Dungeon
  3624 | D:5      | Noticed an ogre
  3627 | D:5      | Noticed a sky beast
  3631 | D:5      | Killed an ogre
  3631 | D:5      | Reached XP level 7. HP: 36/36 MP: 3/13
  4056 | D:5      | Reached skill level 7 in Air Magic
  4580 | D:6      | Found a shadowy altar of Dithmenos.
  4586 | D:6      | Reached skill level 8 in Air Magic
  4586 | D:6      | Reached XP level 8. HP: 20/42 MP: 1/14
  4646 | D:6      | Reached skill level 1 in Fighting
  4983 | D:6      | Learned a level 5 spell: Lightning Bolt
  5613 | D:7      | Noticed a yak
  5710 | D:7      | Noticed a yak
  5724 | D:7      | Killed a yak
  5725 | D:7      | Noticed a yak
  5730 | D:7      | Noticed a yak
  5851 | D:7      | Killed a yak
  5851 | D:7      | Reached skill level 9 in Air Magic
  5851 | D:7      | Reached XP level 9. HP: 49/51 MP: 1/15
  6309 | D:7      | Found a staircase to the Ecumenical Temple.
  6312 | D:7      | Reached skill level 5 in Dodging
  6799 | D:7      | Reached skill level 10 in Air Magic
  7192 | D:7      | Reached ** piety under Ashenzari
  7245 | D:7      | Reached skill level 5 in Fighting
  7906 | D:7      | Found a deep blue altar of Sif Muna.
  8298 | D:7      | Reached skill level 5 in Spellcasting
  8298 | D:7      | Reached XP level 10. HP: 58/58 MP: 5/17
  8677 | D:8      | Noticed a two-headed ogre
  8690 | D:8      | Killed a two-headed ogre
  8974 | D:8      | Noticed a death knight
  9009 | D:8      | Killed a death knight
  9277 | D:8      | Noticed Psyche
  9281 | D:8      | Killed Psyche
  9388 | D:8      | Noticed Joseph
  9388 | D:8      | Noticed Gastronok
  9522 | D:9      | Found a glowing golden altar of the Shining One.
  9759 | D:9      | Noticed Pikel
  9863 | D:9      | Paralysed by Pikel for 2 turns
  9865 | D:9      | Killed Pikel
  9988 | D:9      | Found Baetiam's Distillery.
 10091 | D:9      | Found a staircase to the Lair.
 10116 | D:9      | Found a glowing silver altar of Zin.
 10117 | D:9      | Noticed an oklob plant
 10413 | D:9      | Noticed a centaur warrior
 10435 | D:9      | Killed a centaur warrior
 10435 | D:9      | Reached XP level 11. HP: 63/64 MP: 21/21
 10796 | D:10     | Entered Level 10 of the Dungeon
 11068 | D:10     | Killed an unseen horror
 11237 | D:10     | Noticed Erica
 11300 | D:10     | Killed Erica
 11570 | D:10     | Noticed an orc knight
 11572 | D:10     | Noticed an orc knight
 11587 | D:10     | Killed an unseen horror
 11589 | D:10     | Killed an orc knight
 12017 | D:10     | Noticed a deep elf mage
 12041 | D:10     | Killed a deep elf mage
 12303 | D:10     | Reached *** piety under Ashenzari
 12510 | D:9      | Killed an orc knight
 13434 | D:11     | Reached XP level 12. HP: 56/72 MP: 13/22
 13807 | D:11     | Noticed a skeletal warrior
 13878 | Lair:1   | Entered Level 1 of the Lair of Beasts
 13956 | D:9      | Reached skill level 11 in Air Magic
 15102 | Lair:1   | Noticed an eight-headed hydra
 15121 | Lair:1   | Killed an eight-headed hydra
 15796 | Lair:1   | Reached skill level 12 in Air Magic
 16406 | Lair:2   | Noticed a seven-headed hydra
 16406 | Lair:2   | Noticed an eight-headed hydra
 16407 | Lair:2   | Slain by a porcupine

Skill      XL: |  1  2  3  4  5  6  7  8  9 10 11 12 |
---------------+-------------------------------------+-----
Air Magic      | 4 5 6 8 9 10 12 | 12.1
Spellcasting   | 3 4 5 7 |  7.0
Fighting       | 3 5 7 8 |  8.9
Dodging        | 4 5 6 8 9 |  9.6
Conjurations   | 4 8 9 |  9.9
Stealth        | |  2.6

Action                   |  1- 3 |  4- 6 |  7- 9 | 10-12 || total
-------------------------+-------+-------+-------+-------++-------
Melee: Unarmed           |     2 |       |       |       ||     2
       Dagger            |    68 |    99 |    45 |       ||   212
       Rapier            |       |       |    59 |   252 ||   311
 Cast: Shock             |    16 |    46 |    27 |    15 ||   104
       Static Discharge  |       |     4 |     1 |    11 ||    16
       Airstrike         |       |     1 |    81 |   136 ||   218
       Lightning Bolt    |       |       |       |    31 ||    31
Invok: Curse Item        |       |       |       |     2 ||     2
Evoke: Wand              |       |       |       |    16 ||    16
  Use: Scroll            |       |    11 |     5 |     6 ||    22
       Potion            |       |       |     1 |     9 ||    10
 Stab: Sleeping          |     4 |     5 |     6 |     2 ||    17
  Eat: Chunk             |     8 |     8 |    26 |    49 ||    91
Armor: Robe              |     8 |    19 |    21 |    83 ||   131
       Skin              |       |       |    10 |    36 ||    46
Dodge: Dodged            |    57 |    74 |    72 |   320 ||   523
